AoeStats
← schmeno

QS Arena

503724192Analyzed
3v3 RM · 1mo ago on Sep 2, 2026· 23m 12s· 6 players
Game mode
Random Map
Map size
Normal (6 player)
Population
200
Speed
Normal
Resources
Standard
Victory
Conquest
Starting age
Dark Age
Ending age
Imperial Age
RankedLock teamsTeams togetherTeam positionsShared explorationLock speedFull tech treeHidden civsTurbo modeCheats
Victory
Defeat
🇺🇸 Franks · United States
1197
+15
🇺🇸 Dravidians · United States
1191
+15
🇺🇸 Spanish · United States
1122
+19
🇦🇷 Teutons · Argentina
1226
-19
🇦🇷 Cumans · Argentina
1192
-17
🇨🇳 Britons · China
1113
-13
Tired Cock
8:02 Feudal Age
9:55 Loom
12:36 Castle Age
10:47 Horse Collar
12:50 Double-Bit Axe
22:12 Fletching
Simon Nelson Cook
8:16 Feudal Age
16:41 Castle Age
15:47 Fletching
16:40 Double-Bit Axe
17:43 Horse Collar
schmeno
7:46 Feudal Age
11:37 Castle Age
9:52 Double-Bit Axe
10:59 Scale Barding Armor
17:03 Bow Saw
20:29 Chain Barding Armor
21:59 Loom
22:15 Gold Mining
24:13 Wheelbarrow
23:27 Town Watch
23:58 Forging
Gabi_88
3:41 Loom
6:18 Feudal Age
21:04 Castle Age
21:22 Double-Bit Axe
21:18 Horse Collar
pfcarballo30
6:28 Feudal Age
7:46 Double-Bit Axe
8:28 Horse Collar
13:40 Wheelbarrow
15:34 Loom
16:28 Scale Barding Armor
17:03 Scale Barding Armor
17:09 Forging
19:12 Castle Age
19:06 Bloodlines
19:08 Gold Mining
22:10 Chain Barding Armor
星辰AGE
2:12 Loom
9:54 Feudal Age
11:15 Double-Bit Axe
14:00 Castle Age
13:32 Horse Collar
15:24 Wheelbarrow
15:01 Bow Saw
15:11 Heavy Plow
Connection lost

Rejoining the realm…

Still unreachable

The connection could not be restored.

Session expired

The server has moved on; the page needs a fresh start.